 Dungeon Crawl Stone Soup version 0.27.1-34-g3ba077fa99 (webtiles) character file.

Game seed: 13028940166452193040

77 multipassport the Vandal (level 4, 0/27 HPs)
             Began as a Tengu Hunter on Jan 16, 2022.
             Was a Believer of Lugonu.
             Slain by an orc priest (3 damage)
             ... on level 3 of the Dungeon.
             The game lasted 00:09:50 (2228 turns).

multipassport the Vandal (Tengu Hunter)             Turns: 2228, Time: 00:09:50

Health: 0/27       AC: 10    Str: 12    XL:     4   Next: 34%
Magic:  5/5        EV:  9    Int: 12    God:    Lugonu [**....]
Gold:   148        SH:  0    Dex: 15    Spells: 3/3 levels left

rFire    . . .     SeeInvis .   a - +1 hunting sling
rCold    . . .     Faith    .   (no shield)
rNeg     + . .     Spirit   .   p - +0 pearl dragon scales
rPois    .         Reflect  .   (helmet restricted)
rElec    .         Harm     .   (no cloak)
rCorr    .         Rampage  .   (no gloves)
Will     .....                  (boots unavailable)
Stlth    ..........             (no amulet)
HPRegen  0.09/turn              (no ring)
MPRegen  0.09/turn              (no ring)

@: lethally poisoned (0 -> -15)
A: beak, talons 3
a: Renounce Religion, Depart the Abyss, Bend Space


You were on level 3 of the Dungeon.
You worshipped Lugonu.
Lugonu was pleased with you.
You visited 1 branch of the dungeon, and saw 3 of its levels.

You collected 148 gold pieces.

Inventory:

Hand Weapons
 a - a +1 hunting sling (weapon)
 b - a +0 short sword
Missiles
 e - 43 stones (quivered ammo)
 g - 25 arrows
 o - 20 poisoned darts
Armour
 p - +0 pearl dragon scales (worn)
Scrolls
 c - a scroll of teleportation {unknown}
 f - a scroll of amnesia {unknown}
 i - 4 scrolls of identify {unknown}
 j - 2 scrolls of noise {unknown}
 l - a scroll of vulnerability {unknown}
 n - a scroll of enchant armour {unknown}
 r - a scroll of acquirement {unknown}
Potions
 h - a potion of magic {unknown}
 k - a potion of lignification {unknown}
 m - a potion of degeneration {unknown}
 q - 2 potions of might {unknown}


   Skills:
 + Level 2.7 Fighting
 - Level 1.5 Short Blades
 + Level 4.4 Slings
 + Level 0.8 Armour
 + Level 3.0 Dodging
 - Level 1.0 Stealth


You had 3 spell levels left.
You didn't know any spells.
Your spell library contained the following spells:

 Spells                   Type           Power      Damage    Failure   Level
 Ozocubu's Armour         Ice            0%         N/A       100%        3
 Metabolic Englaciation   Hex/Ice        0%         N/A       100%        5
 Simulacrum               Ice/Necr       0%         N/A       100%        6


Dungeon Overview and Level Annotations

Branches:
Dungeon (3/15)

Altars:
Wu Jian
Lugonu

Shops:
D:1 [

Annotations:
D:1 armor RF++ RC-- 724


Innate Abilities, Weirdness & Mutations

You have a beak for a mouth.
You have claws for feet.


Message History

You shoot a stone. The stone barely misses the orc priest.
Fire: 48 stones
Press: ? - help, Q - select action, (/) - cycle Shift-Dir - straight line, f/p - orc priest
Aim: an orc priest, wielding a +1 mace of venom and wearing a +0 leather armour (severely wounded, 62% to hit)
You shoot a stone.
The stone hits the orc priest but does no damage.
The orc priest is severely wounded.
The orc priest invokes the aid of Beogh against you.
Pain shoots through your body!
Fire: 47 stones
Press: ? - help, Q - select action, (/) - cycle Shift-Dir - straight line, f/p - orc priest
Aim: an orc priest, wielding a +1 mace of venom and wearing a +0 leather armour (severely wounded, 62% to hit)
You shoot a stone. The stone hits the orc priest.
The orc priest is almost dead.
The orc priest closely misses you.
Fire: 46 stones
Press: ? - help, Q - select action, (/) - cycle Shift-Dir - straight line, f/p - orc priest
Aim: an orc priest, wielding a +1 mace of venom and wearing a +0 leather armour (almost dead, 63% to hit)
You shoot a stone.
The stone closely misses the orc priest.
The orc priest hits you but does no damage.
You are poisoned.
Fire: 45 stones
Press: ? - help, Q - select action, (/) - cycle Shift-Dir - straight line, f/p - orc priest
Aim: an orc priest, wielding a +1 mace of venom and wearing a +0 leather armour (almost dead, 63% to hit)
You shoot a stone. The stone hits the orc priest.
The orc priest is almost dead.
You feel very sick.
The orc priest hits you with a +1 mace of venom.
* * * LOW HITPOINT WARNING * * *
You are more poisoned.
Fire: 44 stones
Press: ? - help, Q - select action, (/) - cycle Shift-Dir - straight line, f/p - orc priest
Aim: an orc priest, wielding a +1 mace of venom and wearing a +0 leather armour (almost dead, 63% to hit)
You shoot a stone.
The stone closely misses the orc priest.
* * * LOW HITPOINT WARNING * * *
You feel very sick.
The orc priest hits you with a +1 mace of venom.
You die...

. ### .. ##### ##..
.##..(#### #....
.(....... #....
########o..#
#.....+.#...o'..(+
##....#.#o####...######
.......@#.# #........#
###########o#.#
##.......#
#..........(..#
#.......#
#.#########(###
#.......# #.# #.#
#.......# #.#
####'###############
#.# #.........<.
##.######...(...##..
#.....†.'.........♣


You could see an orc priest.

Vanquished Creatures
  An orc wizard (D:2)
  An adder (D:2)
  3 dart slugs
  An orc (D:2)
  3 endoplasms
  2 giant cockroaches (D:2)
  3 jackals (D:2)
  6 ball pythons
  2 bats
  3 frilled lizards
  3 goblins (D:1)
  7 kobolds
  3 rats (D:1)
38 creatures vanquished.

Notes
Turn   | Place    | Note
-------+----------+-------------------------------------------
     0 | D:1      | multipassport the Tengu Hunter began the quest for the Orb.
     0 | D:1      | Reached XP level 1. HP: 12/12 MP: 2/2
    59 | D:1      | Found Assec's Antique Armour Boutique.
   170 | D:1      | Reached XP level 2. HP: 13/17 MP: 3/3
   458 | D:1      | Reached skill level 1 in Short Blades
   777 | D:2      | Reached XP level 3. HP: 11/22 MP: 4/4
  1101 | D:2      | Found an ornate altar of the Wu Jian Council.
  1479 | D:2      | Found a faded altar of an unknown god.
  1495 | D:2      | Became a worshipper of Lugonu the Unformed
  1495 | D:2      | Reached * piety under Lugonu
  1495 | D:2      | Reached ** piety under Lugonu
  2002 | D:2      | Reached XP level 4. HP: 8/27 MP: 5/5
  2228 | D:3      | Slain by an orc priest

Illustrated notes

Levels and vault maps discovered:
D:1:      dpeg_arrival_boxes_within_box, layout_basic, serial_shops, shop
D:2:      layout_loops_ring, basic_altar,
          hellmonk_ecumenical_altar_leap_of_faith
D:3:      layout_basic, mainiacjoe_overflow_alcove_2, serial_shops, shop,
          st_stairs_11, serial_bayou_pond_b

Skill      XL: |  1  2  3 |
---------------+----------+-----
Short Blades   | 1 |  1.5
Dodging        | 3 |  3.0
Fighting       | |  2.7
Slings         | |  4.4
Armour         | |  0.8
Stealth        | |  1.0

Action                   |  1- 3 |  4- 6 || total
-------------------------+-------+-------++-------
Melee: Short sword       |    42 |       ||    42
       Kick              |    10 |       ||    10
       Peck              |     5 |       ||     5
 Fire: Hunting sling     |   105 |     8 ||   113
Armor: Pearl dragon scal |    37 |     1 ||    38
Dodge: Dodged            |    22 |     1 ||    23
